 Dungeon Crawl Stone Soup version 0.27-a0-1139-g28e009f8a6 (webtiles) character file.

Game seed: 1683631379043432405

96 jestyr24 the Magician (level 4, -3/31 HPs)
             Began as a Djinni Conjurer on May 8, 2021.
             Slain by a hound (5 damage)
             ... on level 6 of the Dungeon.
             The game lasted 00:07:00 (2912 turns).

jestyr24 the Magician (Djinni Conjurer)             Turns: 2912, Time: 00:07:00

Health: -3/31      AC:  4    Str:  6    XL:     4   Next: 67%
Gold:   57         EV: 12    Int: 20    God:
                   SH:  0    Dex: 12

rFire    + + .     SeeInvis .   h - +0 dagger
rCold    x . .     Faith    .   (no shield)
rNeg     . . .     Spirit   .   a - +0 robe
rPois    ∞         Reflect  .   (no helmet)
rElec    .         Harm     .   (no cloak)
rCorr    .         Rampage  .   (no gloves)
Will     .....                  (boots unavailable)
Stlth    ++........             (no amulet)
HPRegen  0.10/turn              (no ring)
MPRegen  0.00/turn              (no ring)

@: flying
A: sickness immunity, fire resistance 2, cold vulnerability 1, float, innate
caster, hp casting, extra vitality 1, iridescent scales 1, sense surroundings 1,
subdued magic 1
a: no special abilities


You were on level 6 of the Dungeon.
You visited 1 branch of the dungeon, and saw 7 of its levels.

You collected 57 gold pieces.

Inventory:

Hand Weapons
 b - a +0 spear
 c - a +0 flail
 h - a +0 dagger (weapon)
 m - a +0 quarterstaff
Missiles
 f - 23 sling bullets
 j - 5 curare-tipped darts
Armour
 a - a +0 robe (worn)
Magical Staves
 g - a staff of fire
Jewellery
 d - a ring of flight
Scrolls
 i - a scroll of magic mapping {unknown}
Potions
 e - a potion of mutation
 k - a potion of flight
 l - a potion of attraction


   Skills:
 + Level 2.5 Dodging
 + Level 1.8 Stealth
 + Level 5.0 Spellcasting


You couldn't memorise any spells.
You knew the following spells:

 Your Spells              Type           Power      Damage    Failure   Level
a - Magic Dart            Conj           76%        1d6       1%          1
b - Searing Ray           Conj           38%        3d4       1%          2
c - Dazzling Flash        Conj/Hex       38%        N/A       3%          3
d - Fulminant Prism       Conj/Hex       9%         3d7       12%         4
e - Iskenderun's Mystic   Conj/Tloc      19%        2d6       12%         4
f - Sandblast             Erth           38%        2d10      1%          1
Your spell library was empty.

Dungeon Overview and Level Annotations

Branches:
Dungeon (7/15)
 Temple: D:4-7

Altars:

Annotations:
D:4 Blork the orc


Innate Abilities, Weirdness & Mutations

You are immune to sickness and miasma.
You are immune to poison.
Your flesh is very heat resistant. (rF++)
You are vulnerable to cold. (rC-)
You float through the air rather than walking.
You learn spells naturally, not from books.
Your magical power is your life essence.
You have superior vitality. (+4 HP)
You are partially covered in iridescent scales. (AC +2)
You passively map a small area around you.
Your spells are a little easier to cast, but a little less powerful.


Message History

A hound comes into view.
Found a stone staircase leading up.
The hound barks!
The hound closely misses you. The hound bites you. x2
The hound bites you but does no damage. The ice beast closely misses you.
The ice beast hits you. The ice beast freezes you!
You feel a terrible chill! The hound bites you but does no damage.
The ice beast closely misses you.
There is a stone staircase leading up here.
The hound barely misses you. The hound bites you.
* * * LOW HITPOINT WARNING * * *
You fly upwards.
Reactivating autopickup.
An ogre comes into view. It is wielding a +0 giant club.
Found a stone staircase leading down.
There is a stone staircase leading down here.
The ogre shouts!
You reach down and open the door.
An ufetubus comes into view.
The hound closely misses you. x2
Casting: Magic Dart (safe; 1% risk of failure)
Confirm with . or Enter, or press ? or * to list all spells.
The spell is extremely dangerous to cast (14% risk of failure)!
Continue anyway?
You erupt in a blast of force!
The mystic blast hits the ogre!
The ogre is moderately wounded.
The ogre is knocked back by the mystic blast.
The mystic blast hits the hound.
The hound is lightly wounded.
The hound is knocked back by the mystic blast.
The hound slams into the rock wall!
* * * LOW HITPOINT WARNING * * *
The ufetubus shouts!
You hear a shout!
It was a potion of mutation.
You feel extremely strange.
Iridescent scales grow over part of your body.
Your connection to magic feels subdued.
You feel a strange attunement to the structure of the dungeons.
The hound bites you.
You die...

*####### *
#...... , ,
...... , , ,
....#*####+ *
,...# ..... ,
, ..#...... ,
,
#####'#......,
,
#...@........,
* ,
#....hO......,
#.....>......
,
#............
, , ,
#....#######+
, , , #....#,
, * +....# , ,
, , ,#....# ,
, #.... ,


You could see an ogre and a hound.

Vanquished Creatures
  4 gnolls (D:2)
  2 adders
  2 worms (D:2)
  A dart slug (D:1)
  5 endoplasms
  4 giant cockroaches (D:1)
  3 goblins
  3 hobgoblins
  2 jackals (D:1)
  2 ball pythons
  A frilled lizard (D:1)
  5 rats
34 creatures vanquished.

Vanquished Creatures (others)
  A plant (D:1)
1 creature vanquished.

Grand Total: 35 creatures vanquished

Notes
Turn   | Place    | Note
-------+----------+-------------------------------------------
     0 | D:1      | jestyr24 the Djinni Conjurer began the quest for the Orb.
     0 | D:1      | Reached XP level 1. HP: 15/15 MP: 0/0
   512 | D:1      | Reached XP level 2. HP: 19/21 MP: 0/0
   620 | D:1      | Reached skill level 4 in Spellcasting
  1917 | D:2      | Reached XP level 3. HP: 20/25 MP: 0/0
  1917 | D:2      | Learned a level 1 spell: Sandblast
  2216 | D:2      | Reached XP level 4. HP: 24/31 MP: 0/0
  2836 | D:3      | You are sucked into a shaft and drop 2 floors!
  2836 | D:5      | Entered Level 5 of the Dungeon
  2837 | D:5      | Noticed a phantom
  2845 | D:4      | Reached skill level 5 in Spellcasting
  2883 | D:4      | Noticed Blork the orc
  2883 | D:4      | You are sucked into a shaft and drop 3 floors!
  2884 | D:7      | Noticed an ice beast
  2895 | D:7      | Noticed an ice beast
  2907 | D:6      | Noticed an ogre
  2911 | D:6      | Gained mutation: You are partially covered in iridescent
                  | scales. (AC +2) [potion of mutation]
  2911 | D:6      | Gained mutation: Your spells are a little easier to cast,
                  | but a little less powerful. [potion of mutation]
  2911 | D:6      | Gained mutation: You passively map a small area around you.
                  | [potion of mutation]
  2912 | D:6      | Slain by a hound

Illustrated notes

Levels and vault maps discovered:
D:1:      evilmike_arrival_fibonacci_small, layout_basic, serial_bayou,
          serial_bayou_pond_e, serial_bayou_crossing, serial_bayou_pond_e,
          serial_bayou_shore_a, chequers_garden, minmay_misc_feat_more_columns
D:2:      layout_rooms
D:3:      layout_loops_ring
D:4:      layout_layer_cave, overflow_temple_1_default,
          nicolae_ossuary_entry_plus, uniq_blork_the_orc
D:5:      layout_layer_cave, lemuel_round_altar,
          gammafunk_temple_overflow_elements, serial_shops, shop,
          nrook_loot_triangle, minmay_fractal_squares_diagonal_5, uniq_ijyb,
          uniq_duvessa, uniq_menkaure
D:6:      layout_gridville, minmay_temple_entry_statues_fountains
D:7:      minmay_flawed_box, layout_basic, grunt_ministairs_14, wad_mini_maze,
          uniq_harold

Skill      XL: |  1  2  3  4 |
---------------+-------------+-----
Spellcasting   | 4 5 |  5.0
Dodging        | |  2.5
Stealth        | |  1.8

Action                   |  1- 3 |  4- 6 || total
-------------------------+-------+-------++-------
 Cast: Magic Dart        |    70 |    19 ||    89
       Searing Ray       |     1 |     1 ||     2
       Iskenderun's Myst |       |     1 ||     1
  Use: Scroll            |     3 |       ||     3
       Potion            |       |     1 ||     1
Armor: Robe              |     1 |     2 ||     3
Dodge: Dodged            |     8 |    10 ||    18

Table legend: (Time is in decaauts)
 A = Elapsed time spent in this place.
 B = Non-inter-level travel time spent in this place.
 C = Inter-level travel time spent in this place.
 D = Time resting spent in this place.
 E = Time spent auto-exploring this place.
 F = Levels seen in this place.
 G = Mean time per level.
                   A        B        C        D        E       F      G
               +--------+--------+--------+--------+--------+-----+--------+
         Total |   2910 |   2827 |     83 |    367 |   2115 |   7 |  415.7 |
       Dungeon |   2910 |   2827 |     83 |    367 |   2115 |   7 |  415.7 |
               +--------+--------+--------+--------+--------+-----+--------+

Top non-repeatable levels by time:
     D:1: 1798 daAuts
     D:2: 1010 daAuts
     D:4: 40 daAuts
     D:3: 25 daAuts
     D:7: 23 daAuts
     D:5: 5 daAuts
     D:6: 4 daAuts
